TOP OF THE 1ST |
West Virginia Power batting - Pitching for BlackIron Dragons : RHP António García
|
Pitching: RHP António García
|
|
Batting: RHB Luis Encarnación
|
0-0: Foul Ball, location: 2F 0-1: Ball 1-1: Fly out, F3 (Popup, 3F)
|
Batting: RHB Alfonso Huertas
|
0-0: Called Strike 0-1: Ball 1-1: Foul Ball, location: 2F 1-2: Ball 2-2: Strikes out looking
|
Batting: LHB Fernando Ortíz
|
0-0: Ball 1-0: Ball 2-0: Ball 3-0: Called Strike 3-1: SINGLE (Groundball, 4MD)
|
Batting: LHB Pablo Reyes
|
0-0: Ball 1-0: Called Strike 1-1: Ball 2-1: Fly out, F8 (Flyball, 8LM)
|
Top of the 1st over - 0 run(s), 1 hit(s), 0 error(s), 1 left on base; West Virginia 0 - BlackIron 0 |
BOTTOM OF THE 1ST |
BlackIron Dragons batting - Pitching for West Virginia Power : RHP César De La Cruz
|
Pitching: RHP César De La Cruz
|
|
Batting: RHB Gil Palmer
|
0-0: Ball 1-0: SINGLE (Line Drive, 78S)
|
Batting: RHB José Colón
|
0-0: Called Strike 0-1: Fly out, F9 (Flyball, 89D)
|
Batting: RHB Leroy Jamison
|
0-0: Ball 1-0: Fly out, F2 (Popup, 2RF)
|
Batting: RHB Boyd Pittman
|
0-0: Called Strike 0-1: Ball 1-1: Foul Ball, location: 2F 1-2: Ball 2-2: Strikes out swinging
|
Bottom of the 1st over - 0 run(s), 1 hit(s), 0 error(s), 1 left on base; West Virginia 0 - BlackIron 0 |
TOP OF THE 2ND |
West Virginia Power batting - Pitching for BlackIron Dragons : RHP António García
|
Batting: RHB Dave McGrath
|
0-0: Fly out, F8 (Flyball, 8RM)
|
Batting: LHB Jesús Ángel
|
0-0: Ball 1-0: SOLO HOME RUN (Line Drive, 7LD), Distance : 395 ft
|
Batting: SHB José Valdéz
|
0-0: Called Strike 0-1: Ball 1-1: Ball 2-1: Foul Ball, location: 2F 2-2: Ball 3-2: Base on Balls
|
Batting: RHB Gonzalo Gil
|
0-0: Ball 1-0: Foul Ball, location: 2F 1-1: Ball 2-1: Grounds into double play, 5-4-3 (Groundball, 5L)
|
Top of the 2nd over - 1 run(s), 1 hit(s), 0 error(s), 0 left on base; West Virginia 1 - BlackIron 0 |
BOTTOM OF THE 2ND |
BlackIron Dragons batting - Pitching for West Virginia Power : RHP César De La Cruz
|
Batting: RHB Edgardo Carrasco
|
0-0: Ball 1-0: Swinging Strike 1-1: Swinging Strike 1-2: Ball 2-2: Ball 3-2: Strikes out looking
|
Batting: RHB Joaquín Rosales
|
0-0: Foul Ball, location: 2F 0-1: Ball 1-1: Ball 2-1: Called Strike 2-2: Ground out 6-3 (Groundball, 6)
|
Batting: SHB Rick Turner
|
0-0: Ball 1-0: Ball 2-0: Ball 3-0: Called Strike 3-1: Base on Balls
|
Batting: LHB Culley Vaughan
|
0-0: Ball 1-0: Ball 2-0: Ball 3-0: Called Strike 3-1: Base on Balls Rick Turner to second
|
Batting: RHB Alfredo Rangel
|
0-0: Ball 1-0: Called Strike 1-1: Called Strike 1-2: Ball 2-2: Ground out 5-3 (Groundball, 56)
|
Bottom of the 2nd over - 0 run(s), 0 hit(s), 0 error(s), 2 left on base; West Virginia 1 - BlackIron 0 |
TOP OF THE 3RD |
West Virginia Power batting - Pitching for BlackIron Dragons : RHP António García
|
Batting: RHB Brett Bell
|
0-0: Called Strike 0-1: Foul Ball, location: 2F 0-2: Ball 1-2: Ball 2-2: Foul Ball, location: 2F 2-2: Foul Ball, location: 2F 2-2: Fly out, F6 (Line Drive, 6M)
|
Batting: RHB Luis Encarnación
|
0-0: Ball 1-0: Ball 2-0: Called Strike 2-1: Ball 3-1: Base on Balls
|
Batting: RHB Alfonso Huertas
|
0-0: Ball 1-0: Fielders Choice at 2nd, 1-6 (Groundball, 23)
|
Batting: LHB Fernando Ortíz
|
0-0: Ball 1-0: Ball 2-0: Ball 3-0: Called Strike 3-1: Called Strike 3-2: Fly out, F8 (Line Drive, 8RM)
|
Top of the 3rd over - 0 run(s), 0 hit(s), 0 error(s), 1 left on base; West Virginia 1 - BlackIron 0 |
BOTTOM OF THE 3RD |
BlackIron Dragons batting - Pitching for West Virginia Power : RHP César De La Cruz
|
Batting: RHB Gil Palmer
|
0-0: Ball 1-0: Called Strike 1-1: Ball 2-1: Ball 3-1: Base on Balls
|
Batting: RHB José Colón
|
0-0: Ball 1-0: Ball 2-0: Fly out, F8 (Flyball, 8RM)
|
Batting: RHB Leroy Jamison
|
0-0: Ball 1-0: Ball 2-0: Ball 3-0: Foul Ball, location: 2F 3-1: Foul Ball, location: 2F 3-2: Foul Ball, location: 2F 3-2: Strikes out looking
|
Batting: RHB Boyd Pittman
|
0-0: Ball 1-0: Called Strike Gil Palmer steals 2nd base 1-1: Called Strike 1-2: Ball 2-2: Strikes out swinging
|
Bottom of the 3rd over - 0 run(s), 0 hit(s), 0 error(s), 1 left on base; West Virginia 1 - BlackIron 0 |
TOP OF THE 4TH |
West Virginia Power batting - Pitching for BlackIron Dragons : RHP António García
|
Batting: LHB Pablo Reyes
|
0-0: Swinging Strike 0-1: Called Strike 0-2: Ball 1-2: Ground out 4-3 (Groundball, 4)
|
Batting: RHB Dave McGrath
|
0-0: Fly out, F9 (Flyball, 89M)
|
Batting: LHB Jesús Ángel
|
0-0: Ball 1-0: Called Strike 1-1: Called Strike 1-2: Foul Ball, location: 2F 1-2: Foul Ball, location: 2F 1-2: Foul Ball, location: 2F 1-2: Ground out 4-3 (Groundball, 4)
|
Top of the 4th over - 0 run(s), 0 hit(s), 0 error(s), 0 left on base; West Virginia 1 - BlackIron 0 |
BOTTOM OF THE 4TH |
BlackIron Dragons batting - Pitching for West Virginia Power : RHP César De La Cruz
|
Batting: RHB Edgardo Carrasco
|
0-0: Swinging Strike 0-1: Foul Ball, location: 2F 0-2: Foul Ball, location: 2F 0-2: Foul Ball, location: 2F 0-2: Foul Ball, location: 2F 0-2: Foul Ball, location: 2F 0-2: Strikes out swinging
|
Batting: RHB Joaquín Rosales
|
0-0: Swinging Strike 0-1: Ball 1-1: Ball 2-1: Foul Ball, location: 2F 2-2: Foul Ball, location: 2F 2-2: Ball 3-2: Base on Balls
|
Batting: SHB Rick Turner
|
0-0: Called Strike 0-1: SINGLE (Groundball, 6MD) Joaquín Rosales to second
|
Batting: LHB Culley Vaughan
|
0-0: Called Strike 0-1: Ball 1-1: Foul Ball, location: 2F 1-2: SINGLE (Flyball, 89S) Joaquín Rosales to third Rick Turner to second Runner from 3rd tries for Home, SAFE, throw made at trailing runner, OUT at third!
|
Batting: RHB Alfredo Rangel
|
0-0: Ball 1-0: Ball Culley Vaughan steals 2nd base 2-0: Ball 3-0: Called Strike 3-1: Foul Ball, location: 2F 3-2: Ground out 4-3 (Groundball, 4)
|
Bottom of the 4th over - 1 run(s), 2 hit(s), 0 error(s), 1 left on base; West Virginia 1 - BlackIron 1 |
TOP OF THE 5TH |
West Virginia Power batting - Pitching for BlackIron Dragons : RHP António García
|
Batting: SHB José Valdéz
|
0-0: Called Strike 0-1: Called Strike 0-2: Ball 1-2: Ball 2-2: Ball 3-2: Ground out 5-3 (Groundball, 56)
|
Batting: RHB Gonzalo Gil
|
0-0: Ball 1-0: Ball 2-0: Ground out 5-3 (Groundball, 5)
|
Batting: RHB Brett Bell
|
0-0: Ball 1-0: Ball 2-0: Ground out 6-3 (Groundball, 6M)
|
Top of the 5th over - 0 run(s), 0 hit(s), 0 error(s), 0 left on base; West Virginia 1 - BlackIron 1 |
BOTTOM OF THE 5TH |
BlackIron Dragons batting - Pitching for West Virginia Power : RHP César De La Cruz
|
Batting: RHB Gil Palmer
|
0-0: Ball 1-0: Swinging Strike 1-1: Foul Ball, location: 2F 1-2: Ball 2-2: Foul Ball, location: 2F 2-2: Ground out 5-3 (Groundball, 5L)
|
Batting: RHB José Colón
|
0-0: Foul Ball, location: 2F 0-1: Swinging Strike 0-2: Ball 1-2: Ball 2-2: Foul Ball, location: 2F 2-2: Strikes out swinging
|
Batting: RHB Leroy Jamison
|
0-0: Called Strike 0-1: Called Strike 0-2: Fly out, F9 (Flyball, 9LM)
|
Bottom of the 5th over - 0 run(s), 0 hit(s), 0 error(s), 0 left on base; West Virginia 1 - BlackIron 1 |
TOP OF THE 6TH |
West Virginia Power batting - Pitching for BlackIron Dragons : RHP António García
|
Batting: RHB Luis Encarnación
|
0-0: Called Strike 0-1: Foul Ball, location: 2F 0-2: Ball 1-2: Ball 2-2: Fly out, F4 (Line Drive, 4)
|
Batting: RHB Alfonso Huertas
|
0-0: Swinging Strike 0-1: Swinging Strike 0-2: Ball 1-2: Foul Ball, location: 2F 1-2: SINGLE (Line Drive, 89S)
|
Batting: LHB Fernando Ortíz
|
0-0: Called Strike 0-1: Ball 1-1: Ball 2-1: Ball 3-1: Swinging Strike 3-2: DOUBLE (Line Drive, 3D) Alfonso Huertas to third
|
Batting: LHB Pablo Reyes
|
0-0: Intentional Walk
|
Batting: RHB Dave McGrath
|
0-0: Ball 1-0: Foul Ball, location: 2F 1-1: Swinging Strike 1-2: Strikes out swinging
|
Pitching: RHP Bret McJannett
|
|
Batting: LHB Jesús Ángel
|
0-0: Foul Ball, location: 2F 0-1: Ball 1-1: Fly out, F9 (Popup, 34D)
|
Top of the 6th over - 0 run(s), 2 hit(s), 0 error(s), 3 left on base; West Virginia 1 - BlackIron 1 |
BOTTOM OF THE 6TH |
BlackIron Dragons batting - Pitching for West Virginia Power : RHP César De La Cruz
|
Batting: RHB Boyd Pittman
|
0-0: Ball 1-0: SINGLE (Line Drive, 78S)
|
Pitching: RHP Kenny Skinner
|
|
Batting: RHB Edgardo Carrasco
|
0-0: Ball 1-0: Ball 2-0: Ball 3-0: Called Strike 3-1: Base on Balls Boyd Pittman to second
|
Pitching: RHP Cory Lowe
|
|
Batting: RHB Joaquín Rosales
|
0-0: Ball 1-0: Fly out, F9 (Flyball, 89M)
|
Batting: SHB Rick Turner
|
0-0: Fielders Choice at 2nd, 3-6 (Groundball, 3) Boyd Pittman to third
|
Batting: LHB Culley Vaughan
|
0-0: Fly out, F7 (Flyball, 78S)
|
Bottom of the 6th over - 0 run(s), 1 hit(s), 0 error(s), 2 left on base; West Virginia 1 - BlackIron 1 |
TOP OF THE 7TH |
West Virginia Power batting - Pitching for BlackIron Dragons : RHP Bret McJannett
|
Batting: SHB José Valdéz
|
0-0: Ball 1-0: Foul Ball, location: 2F 1-1: Swinging Strike 1-2: Fly out, F8 (Flyball, 8RM)
|
Batting: RHB Gonzalo Gil
|
0-0: Ball 1-0: Foul Ball, location: 2F 1-1: Ball 2-1: Swinging Strike 2-2: Strikes out swinging
|
Batting: RHB Brett Bell
|
0-0: Fly out, F8 (Line Drive, 8LD)
|
Top of the 7th over - 0 run(s), 0 hit(s), 0 error(s), 0 left on base; West Virginia 1 - BlackIron 1 |
BOTTOM OF THE 7TH |
BlackIron Dragons batting - Pitching for West Virginia Power : RHP Cory Lowe
|
Pinch Hitting: RHB Brian Jackson
|
0-0: Foul Ball, location: 2F 0-1: Foul Ball, location: 2F 0-2: Ball 1-2: Strikes out swinging
|
Batting: RHB Gil Palmer
|
0-0: Ball 1-0: Ball 2-0: Ball 3-0: Base on Balls
|
Pinch Hitting: LHB Leonard Young
|
0-0: Ball Gil Palmer is caught stealing 2nd base 1-0: Called Strike 1-1: Swinging Strike 1-2: Ball 2-2: Strikes out looking
|
Bottom of the 7th over - 0 run(s), 0 hit(s), 0 error(s), 0 left on base; West Virginia 1 - BlackIron 1 |
TOP OF THE 8TH |
West Virginia Power batting - Pitching for BlackIron Dragons : RHP Bret McJannett
|
Now at 1B: Frank Maxwell
|
|
Now at 2B: Eugene Payne
|
|
Pinch Hitting: RHB Ben Dougherty
|
0-0: Called Strike 0-1: Ball 1-1: Swinging Strike 1-2: Foul Ball, location: 2F 1-2: Ball 2-2: Fly out, F6 (Popup, 6M)
|
Batting: RHB Alfonso Huertas
|
0-0: Ground out 5-3 (Groundball, 56)
|
Batting: LHB Fernando Ortíz
|
0-0: Ball 1-0: Called Strike 1-1: Ball 2-1: Ball 3-1: Base on Balls
|
Batting: LHB Pablo Reyes
|
0-0: Ball 1-0: Fly out, F7 (Flyball, 78D)
|
Top of the 8th over - 0 run(s), 0 hit(s), 0 error(s), 1 left on base; West Virginia 1 - BlackIron 1 |
BOTTOM OF THE 8TH |
BlackIron Dragons batting - Pitching for West Virginia Power : RHP Cory Lowe
|
Now in CF: Ben Dougherty
|
|
Batting: RHB Leroy Jamison
|
0-0: Ball 1-0: Ball 2-0: Ball 3-0: Called Strike 3-1: Foul Ball, location: 2F 3-2: Base on Balls
|
Batting: RHB Boyd Pittman
|
0-0: Ball 1-0: Foul Ball, location: 2F 1-1: Ball 2-1: Fielders Choice at 2nd, 1-6 (Groundball, 15S)
|
Batting: RHB Edgardo Carrasco
|
0-0: Ball 1-0: Ball 2-0: Called Strike 2-1: Swinging Strike 2-2: Ball 3-2: Foul Ball, location: 2F 3-2: Foul Ball, location: 2F 3-2: Base on Balls Boyd Pittman to second
|
Batting: RHB Joaquín Rosales
|
0-0: Ball 1-0: SINGLE (Groundball, 6MD) Boyd Pittman to third Edgardo Carrasco to second Runner from 3rd tries for Home, SAFE, no throw or cutoff
|
Batting: SHB Rick Turner
|
0-0: Called Strike 0-1: Foul Ball, location: 2F 0-2: Ball 1-2: Grounds into double play, 5-4-3 (Groundball, 56)
|
Bottom of the 8th over - 1 run(s), 1 hit(s), 0 error(s), 1 left on base; West Virginia 1 - BlackIron 2 |
TOP OF THE 9TH |
West Virginia Power batting - Pitching for BlackIron Dragons : RHP Bret McJannett
|
Pitching: RHP Johnathan McJannett
|
|
Now in RF: Donnie Cunningham
|
|
Batting: RHB Dave McGrath
|
0-0: Swinging Strike 0-1: Called Strike 0-2: Strikes out swinging
|
Batting: LHB Jesús Ángel
|
0-0: Foul Ball, location: 2F 0-1: Fly out, F8 (Flyball, 8RXD)
|
Batting: SHB José Valdéz
|
0-0: Called Strike 0-1: Foul Ball, location: 2F 0-2: Foul Ball, location: 2F 0-2: Ball 1-2: Ground out 4-3 (Groundball, 4)
|
Top of the 9th over - 0 run(s), 0 hit(s), 0 error(s), 0 left on base; West Virginia 1 - BlackIron 2 |
|